 Dungeon Crawl Stone Soup version 0.29.1-15-g9cfb28693d (webtiles) character file.

Game seed: 15657131405667040937

1958 croobank the Nimble (level 9, -3/41 HPs)
             Began as a Felid Summoner on Apr 17, 2023.
             Was an Initiate of Gozag.
             Killed from afar by an electric eel (10 damage)
             ... with a bolt of electricity
             ... in a bailey.
             The game lasted 00:37:15 (11742 turns).

croobank the Nimble (Felid Summoner)               Turns: 11742, Time: 00:37:15

Health: -3/41      AC:  2    Str:  4    XL:     9   Next: 0%
Magic:  10/19      EV: 22    Int: 27    God:    Gozag
Gold:   766        SH:  0    Dex: 16    Spells: 7/20 levels left
                                        Lives:  0   Deaths: 2

rFire   . . .      SeeInvis +   (weapon unavailable)
rCold   . . .      Faith    .   (shield unavailable)
rNeg    . . .      Spirit   .   (body armour unavailable)
rPois   .          Reflect  .   (helmet unavailable)
rElec   .          Harm     .   (cloak unavailable)
rCorr   +          Rampage  .   (gloves unavailable)
Will    +....                   (boots unavailable)
Stlth   ++........              (no amulet)
HPRegen 0.13/turn               u - +6 ring of intelligence
MPRegen 0.16/turn               C - ring of resist corrosion

@: quick
A: very small, claws 1, fangs 3, see invisible, speed 1, shaggy fur 2, stealthy
paws, no weapons or thrown items, no armour, multi-lived
a: Renounce Religion, Potion Petition, Call Merchant, Bribe Branch


You were in a bailey.
You worshipped Gozag.
Gozag was pleased with you.
You visited 2 branches of the dungeon, and saw 9 of its levels.
You also visited: Bailey.

You collected 884 gold pieces.
You paid 118 gold pieces to Gozag.

Inventory:

Jewellery
 u - a +6 ring of intelligence (left paw)
 C - a ring of resist corrosion (right paw)
Wands
 k - a wand of flame (12)
 y - a wand of acid (9)
 D - a wand of mindburst (8)
Scrolls
 a - a scroll of enchant armour
 c - a scroll of summoning
 d - a scroll of vulnerability
 g - 3 scrolls of magic mapping
 i - a scroll of enchant weapon
 m - 2 scrolls of teleportation
 n - 2 scrolls of noise {unknown}
 o - a scroll of brand weapon {unknown}
 s - a scroll of immolation {unknown}
 v - a scroll of amnesia {unknown}
 A - a scroll of silence {unknown}
Potions
 b - a potion of heal wounds
 e - 2 potions of might
 j - a potion of cancellation
 l - a potion of haste
 p - a potion of brilliance {unknown}
 q - 3 potions of berserk rage {unknown}
 r - 2 potions of lignification {unknown}
 t - a potion of resistance {unknown}
 w - 2 potions of flight {unknown}
 x - 2 potions of curing {unknown}
 z - a potion of mutation {unknown}
 B - a potion of magic


   Skills:
 + Level 6.0 Fighting
 + Level 8.9 Dodging
 - Level 3.4 Stealth
 + Level 6.1 Spellcasting
 - Level 5.0 Hexes
 + Level 7.6 Summonings
 + Level 4.6 Air Magic


You had 7 spell levels left.
You knew the following spells:

 Your Spells              Type           Power      Damage    Failure   Level
a - Summon Small Mammal   Summ           100%       N/A       1%          1
b - Call Imp              Summ           49%        N/A       1%          2
c - Call Canine Familiar  Summ           49%        N/A       1%          3
d - Summon Guardian Gole  Hex/Summ       42%        N/A       1%          3
e - Summon Lightning Spi  Summ/Air       41%        N/A       4%          4

Your spell library contained the following spells:

 Spells                   Type           Power      Damage    Failure   Level
 Beastly Appendage        Tmut           16%        N/A       6%          1
 Blink                    Tloc           16%        N/A       10%         2
 Sublimation of Blood     Necr           8%         N/A       10%         2
 Wereblood                Tmut           8%         N/A       10%         2
 Spider Form              Tmut/Pois      8%         N/A       19%         3
 Petrify                  Tmut/Erth      8%         N/A       54%         4
 Irradiate                Conj/Tmut      4%         3d13      87%         5
 Manifold Assault         Tloc           8%         N/A       87%         5
 Summon Hydra             Summ           24%        N/A       93%         7
 Storm Form               Tmut/Air       10%        N/A       100%        7


Dungeon Overview and Level Annotations

Branches:
Dungeon (8/15)             Temple (1/1) D:5            Lair (0/5) D:8
 Bailey (1/1)

Altars:
Ashenzari
Cheibriados
Dithmenos
Elyvilon
Fedhas
Gozag
Hepliaklqana
Kikubaaqudgha
Makhleb
Nemelex Xobeh
Okawaru
Qazlal
Ru
Sif Muna
Wu Jian
Xom
Yredelemnul
Zin
The Shining One


Innate Abilities, Weirdness & Mutations

You have sharp claws.
You have razor-sharp teeth.
You have supernaturally acute eyesight. (SInv)
You cover ground quickly. (Speed+)
You are covered in thick fur. (AC +2)
Your paws help you pounce on unaware monsters.
You are incapable of wielding weapons or throwing items.
You cannot wear armour.
You gain extra lives every three experience levels.


Message History

As you read the scroll labelled FENAEGHIUHA, it crumbles to dust.
You feel strangely unstable.
It was a scroll of teleportation.
Your surroundings suddenly seem different. 2 electric eels come into view.
Casting: Call Canine Familiar (safe; 1% risk of failure)
Confirm with . or Enter, or press ? or * to list all spells.
An electric hum fills the air.
You enter the shallow water.
Moving in this stuff is going to be slow.
The electric eel shoots out a bolt of lightning at you!
The bolt of electricity misses you.
The bolt of electricity hits your lightning spire.
Your lightning spire completely resists.
The electric eel shoots out a bolt of lightning at you!
The bolt of electricity hits you!
Casting: Summon Lightning Spire (dangerous; 4% risk of failure)
Confirm with . or Enter, or press ? or * to list all spells.
A guardian golem appears, shielding your allies.
Casting: Summon Guardian Golem (safe; 1% risk of failure)
Confirm with . or Enter, or press ? or * to list all spells.
The electric eel shoots out a bolt of lightning at you!
The bolt of electricity hits your lightning spire.
Your lightning spire completely resists.
The bolt of electricity misses you. The bolt of electricity hits you!
The bolt of electricity hits your hound!
You open the door.
An orc warrior and a goblin come into view.
The electric eel shoots out a bolt of lightning at you!
The bolt of electricity hits your hound.
The bolt of electricity hits you!
* * * LOW HITPOINT WARNING * * *
The electric eel shoots out a bolt of lightning at you!
The bolt of electricity hits your guardian golem.
Your guardian golem resists.
The bolt of electricity hits your hound!
Your hound dies!
Your hound's corpse disappears in a puff of smoke!
The bolt of electricity hits you!
You die...
Your body crumbles into a pile of gold.

≈≈≈≈≈≈≈~.# ≈≈≈≈≈≈≈~.#
≈≈≈≈≈≈≈~.# ≈≈≈≈S≈≈~.#
≈≈≈≈≈≈≈S.# ≈≈≈≈≈≈≈9.#
≈≈≈≈≈≈≈§8# ≈≈≈≈≈≈≈~.#
≈≈≈≈≈≈≈#@# ≈≈≈≈≈≈≈#....#
≈≈≈≈≈≈≈#o...#
≈≈≈≈≈≈≈###..#####+++#####
≈≈≈≈≈≈≈ $ g.#...........#
≈≈≈≈≈≈≈ ###~~~~...~~~~#
≈≈≈≈≈≈...≈≈≈≈≈
≈≈≈≈≈≈...≈≈≈≈≈
≈≈≈≈≈≈...≈≈≈≈≈


You could see an orc warrior (asleep), 2 electric eels, a goblin (asleep), a
friendly guardian golem (summoned) and a friendly lightning spire (summoned,
sheltered).

Vanquished Creatures
  A phantom (D:6)
  A gnoll sergeant (D:8)
  A bat (D:1)
  An endoplasm (D:3)
  A giant cockroach (D:1)
  A kobold (D:1)
  A rat (D:3)
  A bush (D:8)
8 creatures vanquished.

Vanquished Creatures (collateral kills)
  A hornet (D:8)
  A shadow (D:7)
  A steam dragon (D:8)
  An acid dragon (D:8)
  2 water moccasins
  A phantom (D:7)
  A centaur (D:8)
  2 bullfrogs (D:7)
  2 necrophages
  A scorpion (D:6)
  A howler monkey (D:5)
  A lava snake (D:8)
  3 hounds
  A jelly (D:6)
  3 orc priests
  5 orc wizards
  An iguana (D:5)
  Ijyb (D:3)
  2 gnolls (D:5)
  6 adders
  3 white imps
  An ufetubus (D:4)
  2 worms
  4 dart slugs
  27 orcs
  8 endoplasms
  3 giant cockroaches
  3 goblins
  9 hobgoblins
  A jackal (D:3)
  4 quokkas
  6 ball pythons
  6 bats
  4 frilled lizards
  3 kobolds
  6 rats
127 creatures vanquished.

Vanquished Creatures (others)
  A centaur warrior (D:8)
  Maggie (D:6)
  Sigmund (D:3)
  A water moccasin (D:7)
  An orc warrior (D:6)
  2 ice beasts
  2 ogres
  A jelly (D:5)
  A gnoll bouda (D:5)
  An iguana (D:5)
  3 gnolls (D:5)
  7 orcs
  2 plants (D:6)
24 creatures vanquished.

Grand Total: 159 creatures vanquished

Notes
Turn   | Place    | Note
-------+----------+-------------------------------------------
     0 | D:1      | croobank the Felid Summoner began the quest for the Orb.
     0 | D:1      | Reached XP level 1. HP: 7/7 MP: 4/4
   574 | D:1      | Reached skill level 3 in Dodging
   592 | D:1      | Reached XP level 2. HP: 11/11 MP: 1/6
   654 | D:1      | Learned a level 2 spell: Call Imp
  1462 | D:2      | Reached XP level 3. HP: 14/14 MP: 2/7
  1466 | D:2      | Learned a level 3 spell: Call Canine Familiar
  2672 | D:3      | Noticed Sigmund
  2783 | D:3      | Reached XP level 4. HP: 18/18 MP: 2/8
  3027 | D:3      | Noticed Ijyb
  3046 | D:3      | Killed from afar by Ijyb
  3047 | D:3      | Reached XP level 3. HP: 0/15 MP: 1/8
  3064 | D:3      | Killed Ijyb
  3065 | D:3      | Reached skill level 1 in Fighting
  3225 | D:3      | Reached skill level 4 in Dodging
  3416 | D:3      | Reached XP level 4. HP: 19/19 MP: 2/9
  4149 | D:3      | Learned a level 3 spell: Summon Guardian Golem
  4482 | D:3      | Noticed an ice beast
  4518 | D:3      | Killed an ice beast
  4519 | D:3      | Reached skill level 1 in Hexes
  4519 | D:3      | Reached XP level 5. HP: 22/22 MP: 6/10
  4673 | D:3      | Killed Sigmund
  4674 | D:3      | Reached skill level 5 in Dodging
  4674 | D:3      | Reached skill level 5 in Summonings
  4674 | D:3      | Gained mutation: You are covered in thick fur. (AC +2)
                  | [Felid growth]
  4674 | D:3      | Reached XP level 6. HP: 27/27 MP: 8/12
  5909 | D:5      | Entered Level 5 of the Dungeon
  5930 | D:5      | Reached XP level 7. HP: 14/30 MP: 6/13
  5952 | D:5      | Reached skill level 1 in Air Magic
  6209 | D:5      | Found a staircase to the Ecumenical Temple.
  6367 | D:5      | Reached skill level 6 in Dodging
  6524 | Temple   | Entered the Ecumenical Temple
  6624 | Temple   | Became a worshipper of Gozag Ym Sagoz the Greedy
  6828 | D:5      | Reached XP level 8. HP: 16/34 MP: 3/15
  7550 | D:6      | Reached skill level 5 in Hexes
  8134 | D:6      | Learned a level 4 spell: Summon Lightning Spire
  8165 | D:6      | Noticed Maggie
  8180 | D:6      | Killed Maggie
  8181 | D:6      | Reached skill level 7 in Dodging
  9013 | D:6      | Reached skill level 5 in Spellcasting
  9611 | D:7      | Reached XP level 9. HP: 39/39 MP: 5/17
 10254 | D:7      | Reached skill level 5 in Fighting
 11184 | D:8      | Found a shimmering altar of Xom.
 11255 | D:8      | Reached skill level 8 in Dodging
 11258 | D:8      | Noticed a centaur warrior
 11264 | D:8      | Killed a centaur warrior
 11608 | D:8      | Slain by a centaur
 11609 | D:8      | Reached XP level 8. HP: -2/38 MP: 5/18
 11639 | D:8      | Found a flagged portal.
 11656 | D:8      | Reached XP level 9. HP: 38/41 MP: 9/19
 11677 | Bailey   | Entered a bailey
 11742 | Bailey   | Killed from afar by an electric eel

Illustrated notes

Levels and vault maps discovered:
D:1:      onia_arrival_pentagram, layout_loops_ring
D:2:      layout_basic, amethyst_killhole
D:3:      minmay_chambers_of_threes, layout_loops_ring, uniq_sigmund, uniq_ijyb
D:4:      layout_gridville
D:5:      layout_basic, minmay_temple_entry_purple_smoke
D:6:      layout_basic, serial_bayou_pond_c, uniq_maggie
D:7:      layout_basic, minivault_24
D:8:      layout_rooms, overflow_temple_1_default, lemuel_doored_altar,
          lair_entry_dummy, serial_rivers, chequers_serial_rivers_small_3,
          chequers_serial_rivers_large_a, chequers_serial_rivers_micro_b,
          chequers_serial_rivers_micro_b, chequers_serial_rivers_micro_e,
          chequers_serial_rivers_micro_e, enter_bailey_2, minmay_hedge_maze,
          kennysheep_island_fort
Temple:   mainiacjoe_temple_bowtie_tessellation
Bailey:   bailey_axe_of_yendor_kennysheep, bailey

Skill      XL: |  1  2  3  4  5  6  7  8  9 |
---------------+----------------------------+-----
Stealth        | 3 |  3.4
Dodging        | 3 4 5 6 7 8 |  8.9
Fighting       | 1 2 3 6 5 |  6.0
Spellcasting   | 3 4 5 6 |  6.1
Hexes          | 1 2 3 4 5 |  5.0
Summonings     | 5 6 7 |  7.6
Air Magic      | 1 3 4 |  4.6

Action                   |  1- 3 |  4- 6 |  7- 9 || total
-------------------------+-------+-------+-------++-------
Melee: Unarmed           |    16 |    10 |    48 ||    74
       Bite              |     5 |     1 |     9 ||    15
       Punch             |       |       |     2 ||     2
 Cast: Summon Small Mamm |    42 |    28 |    27 ||    97
       Call Imp          |    18 |    14 |     9 ||    41
       Call Canine Famil |    17 |    21 |    35 ||    73
       Summon Guardian G |       |     9 |    29 ||    38
       Summon Lightning  |       |       |    18 ||    18
  Use: Potion            |       |     1 |       ||     1
       Scroll            |       |     3 |     9 ||    12
 Stab: Sleeping          |     3 |       |       ||     3
       Distracted        |       |       |     2 ||     2
Armor: Skin              |     6 |     5 |       ||    11
Dodge: Dodged            |    34 |    46 |    37 ||   117
